cohdb
Replays
Latest Replays
All Replays
Popular Replays
Top Player Replays
Match Explorer
How It Works
Community
CoH3 Stats
Reddit
Sign in to upload your games and track your stats! →
Sign in with Steam
Match 45256221
Unlisted
Match 45256221
Overview
Messages
Build Orders
End
Construct Infanterie Kompanie
Pioneer Squad
Grenadier Squad
Grenadier Squad
Grenadier Squad
Construct Luftwaffe Kompanie
Flak 30 Anti-aircraft Gun Team
GrW 34 Mortar Team
Jäger Squad
Support Elements
Wirbelwind Flakpanzer
Jäger Squad
Medical Bunker
Marder III M Tank Destroyer
MG 42 Machine Gun Team
Jäger Squad
Marder III M Tank Destroyer
Selects Breakthrough Battlegroup
Selects Rapid Production
Selects Blitzkrieg
Marder III M Tank Destroyer
Selects Tiger Heavy Tank
Tiger Heavy Tank
Selects Assault Grenadiers
Selects Smoke Bombing Run
Selects Incendiary Bombing Run
Grand.G
fehily501
0
0
Comments
sign in to comment!
No comments posted yet!